Description

Hatch first and anti air

VOD

https://www.youtube.com/watch?v=eoe9fs6-YpI&t=25s

Replay - Dark v Stats: Game 1 - Proxima Station LE

Build Order

Get SALT Encoding   

  13  0:12  Overlord  
  17  0:52  Hatchery  
  18  1:04  Extractor  
  17  1:14  Spawning Pool  
  20  1:50  Hatchery  
  19  2:01  Zergling x2  
  19  2:03  Queen  
  22  2:10  Metabolic Boost  
  25  2:26  Overlord  
  28  2:44  Queen  
  33  3:01  Queen  
  37  3:07  Overlord  
  44  3:30  Queen  
  47  3:37  Overlord x2  
  50  3:49  Spore Crawler x2  
  50  3:52  Evolution Chamber  
  47  3:56  Spore Crawler  
  51  4:10  Zergling x8  
  51  4:14  Extractor  
  54  4:18  Lair, Zerg Melee Weapons Level 1  
  65  4:43  Baneling Nest  
  66  4:47  Extractor x2  
  64  4:56  Queen  
  77  5:26  Centrifical Hooks  
  78  5:30  Infestation Pit  
  78  5:44  Zergling x10  
  88  5:54  Hatchery  
  88  5:56  Extractor  
  86  6:01  Hatchery  
  86  6:11  Hive  
  91  6:20  Baneling x4  
  91  6:21  Overseer  
  91  6:23  Zerg Melee Weapons Level 2  
  92  6:27  Evolution Chamber  
  91  6:37  Baneling x2  
  104  6:51  Extractor  
  105  6:54  Zerg Ground Armor Level 1  
  105  7:00  Spire  
  106  7:03  Spore Crawler  
  108  7:10  Infestor x2  
  115  7:25  Adrenal Glands  
  123  7:36  Extractor x2  
  121  7:48  Spore Crawler x6  
  117  7:53  Burrow  
  117  7:54  Pneumatized Carapace  
  126  8:14  Zerg Flyer Weapons Level 1  
  126  8:17  Corruptor x6  
  139  8:27  Ultralisk Cavern  
  139  8:29  Corruptor  
  139  8:34  Hatchery  
  139  8:36  Corruptor x2  
  139  8:40  Overseer  
  150  8:56  Corruptor  
  156  9:06  Hatchery  
  152  9:14  Chitinous Plating  
  152  9:16  Zerg Melee Weapons Level 3  
  161  9:26  Viper  
Spawning Tool Build Advisor. Get it on Overwolf

Go to:

Details

  • Created by: Nelsquik
  • Published on: May 06, 2017
  • Modified on: May 07, 2017
  • Patch: 3.8.0
Show
View Real Time Build Order
Export as new Build Order

Comments (0)

There are no comments. Be the first!

Create an account to comment!